 Dungeon Crawl Stone Soup version 0.21.1-1-g345015fe64 (webtiles) character file.

355 Holzbalken the Slasher (level 6, 0/44 HPs)
             Began as a Vampire Gladiator on July 9, 2018.
             Succumbed to a worker ant's poison
             ... on level 3 of the Dungeon.
             The game lasted 00:19:30 (4095 turns).

Holzbalken the Slasher (Vampire Gladiator)          Turns: 4095, Time: 00:19:31

Health: 0/44       AC:  0    Str: 10 (13) XL:     6   Next: 36%
Magic:  5/6        EV: 22    Int:  9 (11) God:
Gold:   155        SH:  0    Dex: 20 (22) Spells: 5/5 levels left

rFire    . . .     SeeInvis +   (weapon currently unavailable)
rCold    + . .     Gourm    .   (shield currently unavailable)
rNeg     + + .     Faith    +   (armour currently unavailable)
rPois    +         Spirit   .   (helmet currently unavailable)
rElec    .         Reflect  .   (cloak currently unavailable)
rCorr    .         Harm     .   (gloves currently unavailable)
MR       .....                  (boots currently unavailable)
Stlth    ++++......             k - amulet of faith
HPRegen  0.07/turn              (ring currently unavailable)
MPRegen  0.10/turn              (ring currently unavailable)

@: lethally poisoned (0 -> -2), bat-form, flying, regenerating slowly, very
quick
A: tiny, fangs 3, see invisible
a: End Transformation


You were on level 3 of the Dungeon.
You were near bloodless.
You were in vampire-bat-form.
You visited 1 branch of the dungeon, and saw 5 of its levels.

You collected 155 gold pieces.

Inventory:

Hand Weapons
 a - a +1 long sword (melded)
 j - a +0 dagger
 p - a +0 falchion
Missiles
 d - 3 throwing nets (quivered)
Armour
 b - a +0 leather armour (melded)
 c - a +0 helmet (melded)
 i - a +0 leather armour
Jewellery
 k - an amulet of faith (around neck)
 o - a +1 ring of slaying (melded)
 t - a ring of fire (melded)
Wands
 m - a wand of paralysis (14)
Scrolls
 f - 5 scrolls of identify
 r - 4 scrolls of teleportation
Potions
 e - 8 potions of blood
 n - a potion of lignification


   Skills:
 - Level 2.0 Fighting
 + Level 6.7 Long Blades
 - Level 1.6 Throwing
 - Level 0.3 Armour
 - Level 3.8 Dodging
 - Level 0.8 Stealth


You had 5 spell levels left.
You didn't know any spells.

Dungeon Overview and Level Annotations

Branches:
Dungeon (5/15)
 Temple: D:4-7

Altars:
Nemelex Xobeh
Trog
The Shining One

Annotations:
D:4 Eustachio, Menkaure


Innate Abilities, Weirdness & Mutations

You heal slowly.
You have razor-sharp teeth.
You have supernaturally acute eyesight. (SInv)
((You can survive without breathing.))


Message History

There is a lethal amount of poison in your body!
You can't go up here!
There is a lethal amount of poison in your body!
* * * LOW HITPOINT WARNING * * *
You feel sick.
* * * LOW HITPOINT WARNING * * *
You feel sick.
* * * LOW HITPOINT WARNING * * *
You feel sick.
You turn into a vampire bat.
Your +1 long sword melds into your body.
Your +0 helmet melds into your body.
Your +0 leather armour melds into your body.
Your +1 ring of slaying melds into your body.
Your ring of fire melds into your body.
There is a lethal amount of poison in your body!
There is a stone staircase leading down here.
* * * LOW HITPOINT WARNING * * *
You feel sick.
You die...

#.######.#'#.#.........'.......
#.# #.#.#.#.#########.......
#.# #.#.#.#.### ######## #.#
#.#.#.....# #.# #.#.#...#.# #.#
#.#<#...#.# #.# #.#.#.#.#.# #.#
#.#.#.###.# #.######.#.#..b.>#
#.....>..#.#.#####
##########.####################
#.....................
######################


There were no monsters in sight!

Vanquished Creatures
  A scorpion (D:3)
  A howler monkey (D:5)
  An orc priest (D:4)
  6 worker ants
  A hound skeleton (D:4)
  An adder (D:3)
  2 worms
  2 dart slugs
  3 leopard geckos
  6 orcs (D:4)
  2 ball pythons
  4 giant cockroaches
  8 goblins
  4 hobgoblins
  4 jackals (D:2)
  3 kobolds
  A quokka (D:2)
  5 bats
  2 frilled lizards
  5 rats
62 creatures vanquished.

Notes
Turn   | Place    | Note
-------+----------+-------------------------------------------
     0 | D:1      | Holzbalken the Vampire Gladiator began the quest for the Orb.
     0 | D:1      | Reached XP level 1. HP: 16/16 MP: 1/1
   362 | D:1      | Reached XP level 2. HP: 22/22 MP: 2/2
  1019 | D:2      | Found a glowing golden altar of the Shining One.
  1149 | D:2      | Found a sparkling altar of Nemelex Xobeh.
  1216 | D:2      | Reached XP level 3. HP: 20/27 MP: 3/3
  1935 | D:3      | Found a bloodstained altar of Trog.
  2256 | D:3      | Reached skill level 4 in Long Blades
  2418 | D:4      | Noticed Menkaure
  2780 | D:4      | Reached XP level 4. HP: 12/33 MP: 4/4
  3084 | D:4      | Reached skill level 5 in Long Blades
  3251 | D:4      | Reached XP level 5. HP: 28/38 MP: 5/5
  3469 | D:4      | Found a sparkling altar of Nemelex Xobeh.
  3614 | D:4      | Noticed Eustachio
  3765 | D:3      | Reached skill level 6 in Long Blades
  3863 | D:5      | Entered Level 5 of the Dungeon
  3867 | D:5      | Reached XP level 6. HP: 44/44 MP: 6/6
  4071 | D:3      | HP: 2/44 [poisoned by a worker ant]
  4076 | D:3      | HP: 1/44 [poisoned by a worker ant]
  4088 | D:3      | HP: 1/44 [poisoned by a worker ant]
  4095 | D:3      | Succumbed to a worker ant's poison

Skill      XL: |  1  2  3  4  5 |
---------------+----------------+-----
Fighting       | 2 |  2.0
Long Blades    | 4 5 6 |  6.7
Throwing       | |  1.6
Armour         | |  0.3
Dodging        | |  3.8
Stealth        | |  0.8

Action                   |  1- 3 |  4- 6 || total
-------------------------+-------+-------++-------
Melee: Long sword        |    92 |    90 ||   182
       Bite              |     7 |    15 ||    22
 Abil: Bat Form          |       |     1 ||     1
  Use: Scroll            |       |     8 ||     8
       Potion            |       |     8 ||     8
 Stab: Sleeping          |     9 |     2 ||    11
Armor: Leather armour    |    25 |    20 ||    45
Dodge: Dodged            |    67 |    69 ||   136
       Rpst.: Long sword |    17 |    24 ||    41
